 Dungeon Crawl Stone Soup version 0.21.1-1-g345015f (webtiles) character file.

106 tidbits the Grave Robber (level 4, 4/32 HPs)
             Began as a Gnoll Necromancer on June 29, 2018.
             Quit the game on level 3 of the Dungeon.
             The game lasted 00:05:42 (544 turns).

tidbits the Grave Robber (Gnoll Necromancer)         Turns: 544, Time: 00:05:43

Health: 4/32       AC:  2    Str: 10    XL:     4   Next: 84%
Magic:  0/11       EV: 15    Int: 24    God:
Gold:   73         SH:  0    Dex: 15    Spells: 1/13 levels left

rFire    . . .     SeeInvis .   l - +0 falchion
rCold    . . .     Gourm    .   (no shield)
rNeg     + . .     Faith    .   e - +0 robe
rPois    .         Spirit   .   (no helmet)
rElec    .         Reflect  .   (no cloak)
rCorr    .         Harm     .   (no gloves)
MR       .....                  (no boots)
Stlth    +++.......             d - amulet of rage
HPRegen  0.10/turn              h - ring of positive energy
MPRegen  0.12/turn              (no ring)

@: brilliant, lethally poisoned (4 -> -1), very slightly contaminated
A: distributed training, fangs 1, strong nose
a: Evoke Berserk Rage


You were on level 3 of the Dungeon.
You were not hungry.

You visited 1 branch of the dungeon, and saw 3 of its levels.

You collected 73 gold pieces.

Inventory:

Hand Weapons
 a - a +1 dagger of freezing
   (You took it off a goblin on level 1 of the Dungeon)
 l - a +0 falchion (weapon)
Missiles
 g - 16 poisoned needles
Armour
 e - a +0 robe (worn)
Jewellery
 d - an amulet of rage (around neck)
   (You found it on level 1 of the Dungeon)
 h - a ring of positive energy (left hand)
   (You found it on level 2 of the Dungeon)
Wands
 q - a wand of flame (4)
Scrolls
 f - a scroll of remove curse {unknown}
 i - 5 scrolls of identify {unknown}
 m - a scroll of fog {unknown}
 n - a scroll of immolation {unknown}
 o - a scroll of enchant armour {unknown}
Books
 b - a book of Necromancy

   Spells                             Type                      Level
   a - Pain                           Necromancy                   1
   b - Animate Skeleton               Necromancy                   1
   c - Vampiric Draining              Necromancy                   3
   d - Regeneration                   Charms/Necromancy            3
   e - Animate Dead                   Necromancy                   4
   f - Borgnjor's Vile Clutch         Necromancy/Earth             5
Comestibles
 c - 3 rations


   Skills:
 + Level 1.2 Fighting
 + Level 1.2 Short Blades
 + Level 1.2 Long Blades
 + Level 1.2 Axes
 + Level 1.2 Maces & Flails
 + Level 1.2 Polearms
 + Level 1.2 Staves
 + Level 1.2 Slings
 + Level 1.2 Bows
 + Level 1.2 Crossbows
 + Level 1.2 Throwing
 + Level 1.2 Armour
 + Level 4.7 Dodging
 + Level 4.3 Stealth
 + Level 1.2 Shields
 + Level 1.2 Unarmed Combat
 + Level 5.1 Spellcasting
 + Level 1.0 Conjurations
 + Level 1.0 Hexes
 + Level 1.0 Charms
 + Level 1.0 Summonings
 + Level 7.1 Necromancy
 + Level 1.0 Translocations
 + Level 1.0 Transmutations
 + Level 1.0 Fire Magic
 + Level 1.0 Ice Magic
 + Level 1.0 Air Magic
 + Level 1.0 Earth Magic
 + Level 1.0 Poison Magic
 + Level 1.3 Invocations
 + Level 1.2 Evocations


You had one spell level left.
You knew the following spells:

 Your Spells              Type           Power        Failure   Level  Hunger
a - Pain                  Necr           ####         1%          1    None
d - Vampiric Draining     Necr           ######....   1%          3    ##.....
n - Animate Skeleton      Necr           N/A          1%          1    None
r - Regeneration          Chrm/Necr      #####.....   1%          3    ##.....
N - Animate Dead          Necr           N/A          1%          4    ####...


Dungeon Overview and Level Annotations

Branches:
Dungeon (3/15)

Altars:

Annotations:
D:3 Natasha


Innate Abilities, Weirdness & Mutations

Your experience applies equally to all skills.
You have very sharp teeth.
Your uncanny sense of smell can sniff out nearby items.


Message History

The orc writhes in agony!
You kill the orc!
Unknown command.
An orc comes into view.
Casting: Pain
Confirm with . or Enter, or press ? or * to list all spells.
You can't see any susceptible monsters within range! (Use Z to cast anyway.)
You flicker back into view.
The adder hisses angrily.
Casting: Pain
Confirm with . or Enter, or press ? or * to list all spells.
Aiming: Pain
Press: ? - help, Shift-Dir - straight line, f - adder
Aim: an adder (chance to defeat MR: 89%)
The adder writhes in agony!
The adder closely misses you.
Casting: Pain
Confirm with . or Enter, or press ? or * to list all spells.
Aiming: Pain
Press: ? - help, Shift-Dir - straight line, f/p - adder
Aim: an adder (moderately wounded, chance to defeat MR: 89%)
The adder writhes in agony!
The adder misses you.
Wield which item (- for none, * to show all)? (? for menu, Esc to quit)
Your +1 dagger of freezing stops glowing.
l - a +0 falchion (weapon)
The adder bites you.
You are poisoned.
The adder poisons you!
Casting: Pain
Confirm with . or Enter, or press ? or * to list all spells.
Aiming: Pain
Press: ? - help, Shift-Dir - straight line, f/p - adder
Aim: an adder (almost dead, chance to defeat MR: 89%)
The adder writhes in agony!
You feel sick. The adder closely misses you.
Casting: Pain
Confirm with . or Enter, or press ? or * to list all spells.
Aiming: Pain
Press: ? - help, Shift-Dir - straight line, f/p - adder
Aim: an adder (almost dead, chance to defeat MR: 89%)
The adder writhes in agony!
You kill the adder!
Your Conjurations skill increases to level 1!
Your Hexes skill increases to level 1!
Your Charms skill increases to level 1!
Your Summonings skill increases to level 1!
Your Translocations skill increases to level 1!
Your Transmutations skill increases to level 1!
Your Fire Magic skill increases to level 1!
Your Ice Magic skill increases to level 1!
Your Air Magic skill increases to level 1!
Your Earth Magic skill increases to level 1!
Your Poison Magic skill increases to level 1!
The adder completely misses you.
Casting: Pain
Confirm with . or Enter, or press ? or * to list all spells.
Aiming: Pain
Press: ? - help, Shift-Dir - straight line, f - adder
Aim: an adder (chance to defeat MR: 89%)
The adder writhes in agony!
You feel sick. The adder misses you.
Casting: Pain
Confirm with . or Enter, or press ? or * to list all spells.
Aiming: Pain
Press: ? - help, Shift-Dir - straight line, f/p - adder
Aim: an adder (heavily wounded, chance to defeat MR: 89%)
The adder writhes in agony!
The adder bites you.
Casting: Pain
Confirm with . or Enter, or press ? or * to list all spells.
Aiming: Pain
Press: ? - help, Shift-Dir - straight line, f/p - adder
Aim: an adder (severely wounded, chance to defeat MR: 89%)
The adder writhes in agony!
You feel sick. The adder bites you.
* * * LOW HITPOINT WARNING * * *
The adder barely misses you.
You barely miss the adder.
The adder is almost dead.
The adder bites you.
* * * LOW HITPOINT WARNING * * *
Casting: Pain
Confirm with . or Enter, or press ? or * to list all spells.
You don't have enough magic to cast that spell.
It was a potion of brilliance.
You feel clever all of a sudden. The adder barely misses you.
You feel sick. The adder barely misses you.
Found 11 gold pieces.
The adder bites you.
* * * LOW HITPOINT WARNING * * *
You are lethally poisoned!
The adder poisons you!
Found 14 gold pieces.
* * * LOW HITPOINT WARNING * * *
You feel sick.
Casting: Pain
Confirm with . or Enter, or press ? or * to list all spells.
Aiming: Pain
Press: ? - help, Shift-Dir - straight line, f/p - adder
Aim: an adder (almost dead, chance to defeat MR: 89%)
The adder writhes in agony!
You kill the adder!
* * * LOW HITPOINT WARNING * * *
You feel sick.
Are you sure you want to abandon this character and quit the game? (Confirm with "yes".)

..# #.# #.# ..#
..###.###.###$#
........).....#
..............# ..###.#
#.# #.# ... #.# #.# #.#
..###.###.###.##########
..........†....†........
....<.†.####...#@######
...).....# #####$#
.......#.# #.#
##...###.## #.#
##...###o.# #.#
......##...# #.#
......##...# #.#
......##...# #.#
......+....#


There were no monsters in sight!

Vanquished Creatures
  An orc priest (D:3)
  The ghost of dscm the Digger, a weakling OpEE (D:3)
  2 adders (D:3)
  2 leopard geckos
  4 orcs
  A giant cockroach (D:2)
  5 goblins (D:1)
  2 hobgoblins (D:2)
  11 jackals
  A bat (D:1)
  A frilled lizard (D:1)
  4 kobolds
  2 rats (D:1)
37 creatures vanquished.

Notes
Turn   | Place    | Note
-------+----------+-------------------------------------------
     0 | D:1      | tidbits the Gnoll Necromancer began the quest for the Orb.
     0 | D:1      | Reached XP level 1. HP: 13/13 MP: 6/6
    77 | D:2      | Reached XP level 2. HP: 11/19 MP: 4/7
    80 | D:2      | Learned a level 1 spell: Animate Skeleton
   257 | D:3      | Reached skill level 5 in Spellcasting
   257 | D:3      | Reached skill level 1 in Invocations
   257 | D:3      | Reached XP level 3. HP: 21/25 MP: 3/9
   263 | D:3      | Reached skill level 1 in Fighting
   263 | D:3      | Reached skill level 1 in Short Blades
   263 | D:3      | Reached skill level 1 in Long Blades
   263 | D:3      | Reached skill level 1 in Axes
   263 | D:3      | Reached skill level 1 in Maces & Flails
   263 | D:3      | Reached skill level 1 in Polearms
   263 | D:3      | Reached skill level 1 in Staves
   263 | D:3      | Reached skill level 1 in Slings
   263 | D:3      | Reached skill level 1 in Bows
   263 | D:3      | Reached skill level 1 in Crossbows
   263 | D:3      | Reached skill level 1 in Throwing
   263 | D:3      | Reached skill level 1 in Armour
   263 | D:3      | Reached skill level 1 in Shields
   263 | D:3      | Reached skill level 1 in Unarmed Combat
   263 | D:3      | Reached skill level 1 in Evocations
   294 | D:2      | Reached XP level 4. HP: 11/32 MP: 1/11
   311 | D:2      | Learned a level 3 spell: Regeneration
   316 | D:2      | Learned a level 3 spell: Vampiric Draining
   321 | D:2      | Learned a level 4 spell: Animate Dead
   432 | D:3      | Noticed Natasha
   432 | D:3      | Noticed dscm's ghost (weakling OpEE)
   485 | D:3      | Killed dscm's ghost
   532 | D:3      | Reached skill level 1 in Conjurations
   532 | D:3      | Reached skill level 1 in Hexes
   532 | D:3      | Reached skill level 1 in Charms
   532 | D:3      | Reached skill level 1 in Summonings
   532 | D:3      | Reached skill level 1 in Translocations
   532 | D:3      | Reached skill level 1 in Transmutations
   532 | D:3      | Reached skill level 1 in Fire Magic
   532 | D:3      | Reached skill level 1 in Ice Magic
   532 | D:3      | Reached skill level 1 in Air Magic
   532 | D:3      | Reached skill level 1 in Earth Magic
   532 | D:3      | Reached skill level 1 in Poison Magic
   544 | D:3      | Quit the game

Skill      XL: |  1  2  3  4 |
---------------+-------------+-----
Spellcasting   | 5 |  5.1
Invocations    | 1 |  1.3
Fighting       | 1 |  1.2
Short Blades   | 1 |  1.2
Long Blades    | 1 |  1.2
Axes           | 1 |  1.2
Maces & Flails | 1 |  1.2
Polearms       | 1 |  1.2
Staves         | 1 |  1.2
Slings         | 1 |  1.2
Bows           | 1 |  1.2
Crossbows      | 1 |  1.2
Throwing       | 1 |  1.2
Armour         | 1 |  1.2
Shields        | 1 |  1.2
Unarmed Combat | 1 |  1.2
Evocations     | 1 |  1.2
Conjurations   | 1 |  1.0
Hexes          | 1 |  1.0
Charms         | 1 |  1.0
Summonings     | 1 |  1.0
Translocations | 1 |  1.0
Transmutations | 1 |  1.0
Fire Magic     | 1 |  1.0
Ice Magic      | 1 |  1.0
Air Magic      | 1 |  1.0
Earth Magic    | 1 |  1.0
Poison Magic   | 1 |  1.0
Dodging        | |  4.7
Stealth        | |  4.3
Necromancy     | |  7.1

Action                   |  1- 3 |  4- 6 || total
-------------------------+-------+-------++-------
Melee: Dagger            |     9 |    15 ||    24
       Falchion          |       |    12 ||    12
       Bite              |       |     2 ||     2
 Cast: Pain              |    29 |    23 ||    52
       Regeneration      |       |     2 ||     2
 Abil: Evoke Berserk Rag |     1 |       ||     1
  Use: Potion            |     1 |     3 ||     4
       Scroll            |       |     1 ||     1
 Stab: Invisible         |       |     3 ||     3
Armor: Robe              |     2 |    10 ||    12
Dodge: Dodged            |     7 |    66 ||    73
       Rpst.: Falchion   |       |    14 ||    14

Table legend:
 A = Turns spent in this place as a percentage of turns spent in the entire game.
 B = Non-inter-level travel turns spent in this place as a percentage of non-inter-level travel turns spent in the entire game.
 C = Inter-level travel turns spent in this place as a percentage of turns spent in this place.
 D = Turns resting spent in this place as a percentage of non-inter-level travel turns spent in this place.
 E = Turns spent auto-exploring this place as a percentage of non-inter-level travel turns spent in this place.
 F = Non-inter-level travel turns spent in this place divided by the number of levels of this place that you've seen.
                   A       B       C       D       E      F
               +-------+-------+-------+-------+-------+----------------------
         Total | 100.0 | 100.0 |   0.0 |   0.0 |   0.0 | 181.3
       Dungeon | 100.0 | 100.0 |   0.0 |   0.0 |   0.0 | 181.3
               +-------+-------+-------+-------+-------+----------------------

Table legend:
 A = Kills in this place as a percentage of kills in entire the game.
 B = Kills by you in this place as a percentage of kills by you in the entire game.
 C = Kills by friends in this place as a percentage of kills by friends in the entire game.
 D = Other kills in this place as a percentage of other kills in the entire game.
 E = Experience gained in this place as a percentage of experience gained in the entire game.
 F = Experience gained in this place divided by the number of levels of this place that you have seen.
                   A       B       C       D       E      F
               +-------+-------+-------+-------+-------+----------------------
         Total | 100.0 | 100.0 |   N/A |   N/A | 100.0 |  50.7
       Dungeon | 100.0 | 100.0 |   N/A |   N/A | 100.0 |  50.7
               +-------+-------+-------+-------+-------+----------------------

Vault maps used:
D:1:      minmay_arrival_arboretum_small, nemelex_diamond_rough_becter
D:2:      kiku_gazebo_pond_becter, kennysheep_generic_room_11
D:3:      minmay_misc_feat_nine_boxes, glass_columns_a, uniq_natasha
